 Dungeon Crawl Stone Soup version 0.31.0-12-g77e489cdc1 (webtiles) character file.

Game seed: 4081798594473550696

910 spaghetti the Warrior (level 8, -6/83 HPs)
             Began as a Formicid Chaos Knight on Feb 26, 2024.
             Was a Plaything of Xom.
             Mangled by a steelbarb worm (11 damage)
             ... on level 5 of the Dungeon.
             The game lasted 00:07:20 (4160 turns).

spaghetti the Warrior (Formicid Chaos Knight)       Turns: 4160, Time: 00:07:22

Health: -6/83      AC: 11    Str: 18      XL:     8   Next: 30%
Magic:  8/8        EV:  6    Int: 12 (13) God:    Xom [*.....]
Gold:   296        SH:  0    Dex: 13      Spells: 7/7 levels left

rFire   . . .        j - +1 dagger (venom)
rCold   . . .        (no shield)
rNeg    . . .        f - +0 plate armour
rPois   .            (helmet unavailable)
rElec   .            (no cloak)
rCorr   .            (no gloves)
SInv    +            (no boots)
Will    .....        (no amulet) Stlth
                     (no ring)
HPRegen 0.33/turn    (no ring)
MPRegen 0.11/turn

%: no passive effects
@: spiked
A: permanent stasis, dig shafts and tunnels, antennae 3, four strong arms,
mutation resistance 1
a: Dig, Shaft Self, Renounce Religion


You were on level 5 of the Dungeon.
You worshipped Xom.
You were a special plaything of Xom.
You visited 1 branch of the dungeon, and saw 5 of its levels.

You collected 296 gold pieces.

Inventory:

Hand Weapons
 j - a +1 dagger of venom (weapon)
Missiles
 d - 3 silver javelins
 g - 7 poisoned darts
Armour
 a - a +2 leather armour
 f - a +0 plate armour (worn)
Jewellery
 i - an amulet of faith
Wands
 e - a wand of roots (20)
Scrolls
 c - a scroll of enchant weapon {unknown}
Potions
 b - a potion of cancellation {unknown}
 h - a potion of curing
 l - a potion of heal wounds


   Skills:
 - Level 15.1 Fighting
 - Level 1.7 Throwing
 - Level 3.3 Armour
 - Level 2.2 Dodging
 - Level 3.7 Unarmed Combat
 + Level 1.9 Evocations


You had 7 spell levels left.
You didn't know any spells.
Your spell library contained the following spells:

 Spells                   Type           Power      Damage    Failure   Level
 Magic Dart               Conj           0%         1d3       100%        1
 Lesser Beckoning         Tloc           0%         N/A       100%        2
 Mercury Vapours          Alch/Air       0%         N/A       100%        2
 Momentum Strike          Conj/Tloc      0%         3d8       100%        2
 Searing Ray              Conj           0%         2d4       100%        2
 Fugue of the Fallen      Necr           0%         N/A       100%        3
 Hailstorm                Conj/Ice       0%         3d5       100%        3
 Mephitic Cloud           Conj/Alch/Air  0%         N/A       100%        3
 Ozocubu's Armour         Ice            0%         N/A       100%        3
 Summon Ice Beast         Ice/Summ       0%         N/A       100%        3
 Fulminant Prism          Conj/Alch      0%         3d5       100%        4
 Manifold Assault         Tloc           0%         N/A       100%        4
 Freezing Cloud           Conj/Ice/Air   0%         6-21      100%        5
 Sculpt Simulacrum        Ice/Alch       0%         N/A       100%        6
 Blink                    Tloc           Unusable   N/A       N/A         2

Dungeon Overview and Level Annotations

Branches:
Dungeon (5/15)
 Temple: D:4-7

Altars:

Shops:
D:3 *


Innate Abilities, Weirdness & Mutations

You cannot be hasted, slowed, berserked, paralysed or teleported.
You can dig through walls and to a lower floor.
You have a pair of large antennae on your head. (SInv)
Your four strong arms can wield two-handed weapons with a shield.
You are somewhat resistant to further mutation.


Message History

You hit the ogre but do no damage.
The ogre is poisoned.
The ogre is moderately wounded.
The water moccasin bites you but does no damage.
The ogre hits you with a +0 giant club. The water moccasin bites you.
You are poisoned.
The water moccasin poisons you! The iguana barely misses you.
You are too injured to fight recklessly!
You are too injured to fight recklessly!
You are too injured to fight recklessly!
You are too injured to fight recklessly!
You are too injured to fight recklessly!
You are too injured to fight recklessly!
You are too injured to fight recklessly!
You are too injured to fight recklessly!
You are too injured to fight recklessly!
You are too injured to fight recklessly!
You are too injured to fight recklessly!
You are too injured to fight recklessly!
You are too injured to fight recklessly!
You are too injured to fight recklessly!
Unknown command.
You feel sick. The ogre attacks as it pursues you!
The ogre hits you with a +0 giant club!!
You feel sick.
You feel sick. The water moccasin bites you.
You feel sick.
Xom's power touches on a nearby monster.
The water moccasin evaporates and reforms as a steelbarb worm!
You feel sick.
There is an open door here.
You feel sick.
You feel sick. The steelbarb worm hits you!!
* * * LOW HITPOINT WARNING * * *
Barbed spikes become lodged in your body.
You begin to dig a shaft.
You continue digging a shaft.
You feel sick.
You are no longer poisoned.
The steelbarb worm hits you!
You die...
Xom cackles wildly!

.......... #....# #..
.......... #....# #..
#........# #....# #..
#>.......## #....# #..
..........### ####.# #.#
............######.#########'#
#........#..#....#............
#..##.l#....#...<........
#.....Ow@...#............
#......###.####(##.##...#
.......#######.##########...#
..?....# +....#.....#.....
#.......# #....#.....#.....
+.......# #....'.....#.....
######### #....#.....#.....
#....#)....#.....
#....#.....#.....


You could see a steelbarb worm, an ogre (poisoned) and an iguana.

Vanquished Creatures
  2 phantoms (D:4)
  A kobold brigand (D:3)
  2 scorpions (D:4)
  A hound (D:4)
  An iguana (D:4)
  A sleepcap (D:4)
  5 adders
  A ribbon worm (D:2)
  5 orcs
  11 ball pythons
  9 endoplasms
  4 giant cockroaches
  7 goblins
  14 hobgoblins
  4 jackals (D:1)
  2 quokkas (D:2)
  4 bats
  4 frilled lizards (D:2)
  8 kobolds
  2 rats
88 creatures vanquished.

Notes
Turn   | Place    | Note
-------+----------+-------------------------------------------
     0 | D:1      | spaghetti the Formicid Chaos Knight began the quest for the
                  | Orb.
     0 | D:1      | Reached XP level 1. HP: 18/18 MP: 1/1
    73 | D:1      | Reached skill level 1 in Dodging
    94 | D:1      | XOM: divination: magic mapping
   120 | D:1      | Reached XP level 2. HP: 24/24 MP: 2/2
   190 | D:1      | XOM: silly message
   208 | D:1      | Found a faded altar of an unknown god.
   231 | D:1      | XOM: silly message
   244 | D:1      | XOM: silly message
   802 | D:1      | XOM: silly message
   845 | D:1      | XOM: cloud trail
   960 | D:2      | Reached XP level 3. HP: 29/29 MP: 3/3
  1060 | D:2      | XOM: scenery: 1 doors open
  1201 | D:2      | XOM: scenery: summon butterflies
  1205 | D:2      | XOM: polymorph butterfly -> bat
  1218 | D:2      | XOM: polymorph bat -> scorpion
  1271 | D:2      | Reached XP level 4. HP: 33/37 MP: 4/4
  1348 | D:2      | Reached skill level 1 in Throwing
  1511 | D:2      | XOM: give mutation
  1511 | D:2      | Gained mutation: You are somewhat resistant to further
                  | mutation. [Xom's grace]
  2231 | D:3      | Noticed Ijyb
  2232 | D:3      | Ijyb changed into Ijyb the kobold
  2232 | D:3      | Noticed Ijyb
  2232 | D:3      | XOM: polymorph Ijyb -> Ijyb the kobold
  2241 | D:3      | Killed Ijyb the kobold
  2369 | D:3      | Noticed a kobold brigand
  2370 | D:3      | XOM: potion effect (might)
  2381 | D:3      | Killed a kobold brigand
  2382 | D:3      | Reached skill level 4 in Fighting
  2382 | D:3      | Reached XP level 5. HP: 30/42 MP: 5/5
  2492 | D:3      | XOM: torment (22/42 hp)
  2662 | D:3      | Found Lali's Assorted Antiques.
  2782 | D:3      | Noticed an ogre
  2784 | D:3      | XOM: summons 2 hostile shadow creatures
  2786 | D:3      | a rat changed into a swamp drake
  2786 | D:3      | Noticed a swamp drake
  2786 | D:3      | XOM: polymorph rat -> swamp drake
  3058 | D:4      | Noticed a phantom
  3065 | D:4      | XOM: silly message
  3078 | D:4      | Killed a phantom
  3079 | D:4      | Reached skill level 5 in Fighting
  3079 | D:4      | Reached XP level 6. HP: 34/51 MP: 6/6
  3183 | D:4      | XOM: cast spell 'Cause Fear'
  3199 | D:4      | XOM: divination: detect items
  3287 | D:4      | XOM: silly message
  3365 | D:4      | Reached skill level 6 in Fighting
  3365 | D:4      | Reached XP level 7. HP: 29/58 MP: 7/7
  3460 | D:4      | XOM: smoke on damage
  3460 | D:4      | XOM: torment (29/58 hp)
  3582 | D:4      | Reached skill level 15 in Fighting
  3582 | D:4      | Reached XP level 8. HP: 83/83 MP: 8/8
  3584 | D:4      | XOM: noise
  3588 | D:4      | XOM: silly message
  3602 | D:4      | XOM: potion effect (heal wounds)
  3604 | D:4      | Reached skill level 1 in Evocations
  3608 | D:4      | XOM: potion effect (invisibility)
  3642 | D:4      | XOM: polymorph endoplasm -> endoplasm
  3731 | D:4      | XOM: cloud trail
  4029 | D:5      | Entered Level 5 of the Dungeon
  4150 | D:5      | XOM is BORED!
  4150 | D:5      | XOM: repel stairs
  4156 | D:5      | a water moccasin changed into a steelbarb worm
  4156 | D:5      | Noticed a steelbarb worm
  4156 | D:5      | XOM: polymorph water moccasin -> steelbarb worm
  4160 | D:5      | Mangled by a steelbarb worm

Illustrated notes

Levels and vault maps discovered:
D:1:      saegor_arrival_fortress, layout_basic,
          shapermc_ecumenical_altar_ellora
D:2:      cheibrodos_greedy_goblins, layout_basic,
          chequers_serial_rivers_micro_e, minmay_tetromino_i2
D:3:      layout_loops_cross, serial_shops, nicolae_shop_rolling_square,
          minmay_distorted, uniq_ijyb
D:4:      minmay_spotlight, layout_basic
D:5:      layout_gridville, kennysheep_little_box, temple_hall, st_stairs_5,
          nicolae_wooded_promenade, uniq_blork_the_orc

Skill      XL: |  1  2  3  4  5  6  7  8 |
---------------+-------------------------+-----
Dodging        | 1 2 |  2.2
Throwing       | 1 |  1.7
Armour         | 3 |  3.3
Fighting       | 4 5 6 15 | 15.1
Evocations     | 1 |  1.9
Unarmed Combat | |  3.7

Action                     |  1- 3 |  4- 6 |  7- 9 || total
---------------------------+-------+-------+-------++-------
  Melee: Unarmed           |   119 |   106 |       ||   225
         Punch             |       |     6 |     2 ||     8
         Dagger            |       |   108 |    47 ||   155
Ability: Shaft Self        |       |       |     1 ||     1
    Use: Potion            |     1 |     6 |     1 ||     8
         Scroll            |       |     8 |     1 ||     9
   Stab: Invisible         |     4 |       |       ||     4
 Armour: Leather armour    |    45 |     5 |       ||    50
         Plate armour      |       |   167 |    45 ||   212
  Dodge: Dodged            |    66 |    64 |    20 ||   150
